 Dungeon Crawl Stone Soup version 0.28.0 (webtiles) character file.

Game seed: 16242902049632288356

31320 dolemite99 the Spear-Bearer (level 13, -2/104 HPs)
             Began as a Minotaur Fighter on Feb 5, 2022.
             Was a High Priest of Hepliaklqana.
             Slain by a death yak (21 damage)
             ... on level 4 of the Lair of Beasts.
             The game lasted 00:16:50 (17013 turns).

dolemite99 the Spear-Bearer (Minotaur Fighter)     Turns: 17013, Time: 00:16:51

Health: -2/104     AC: 15    Str: 25    XL:     13   Next: 25%
Magic:  20/20      EV:  6    Int:  5    God:    Hepliaklqana [*****.]
Gold:   305        SH:  8    Dex:  8    Spells: 12/12 levels left

rFire   + . .      SeeInvis +   a - +9 trident of the Screaming Shrike {freeze, rPois rF+ rN++ Dex-3}
rCold   . . .      Faith    +   i - +1 kite shield
rNeg    + + .      Spirit   .   d - +0 plate armour
rPois   +          Reflect  .   (helmet restricted)
rElec   .          Harm     .   (no cloak)
rCorr   .          Rampage  .   (no gloves)
Will    .....                   (no boots)
Stlth   ..........              G - amulet of faith
HPRegen 0.27/turn               J - ring of see invisible
MPRegen 0.17/turn               (no ring)

@: no status effects
A: reduced essence, horns 2, retaliatory headbutt
a: Renounce Religion, Recall Ancestor, Ancestor Identity, Transference, Idealise


You were on level 4 of the Lair of Beasts.
You worshipped Hepliaklqana.
Hepliaklqana was extremely pleased with you.
You visited 3 branches of the dungeon, and saw 15 of its levels.
You also visited: Sewer.

You collected 691 gold pieces.
You spent 386 gold pieces at shops.

Inventory:

Hand Weapons
 a - the +9 trident of the Screaming Shrike (weapon) {freeze, rPois rF+ rN++ Dex-3}
   (You bought it in a shop on level 9 of the Dungeon)

   It freezes those it strikes, dealing additional cold damage.
   It can also slow down cold-blooded creatures.
   Dex:       It affects your dexterity (-3).
   rF:        It protects you from fire.
   rPois:     It protects you from poison.
   rN:        It greatly protects you from negative energy.
 t - a +0 morningstar
 D - a +0 vorpal trident
 E - a +0 hand crossbow
Missiles
 f - 9 atropa-tipped darts (quivered)
 g - 444 stones
 h - 166 arrows
 v - 49 bolts
 y - 16 poisoned darts
 A - 68 sling bullets
 B - 3 throwing nets
Armour
 b - a +0 scale mail
 c - a +0 buckler
 d - a +0 plate armour (worn)
 i - a +1 kite shield (worn)
 p - a +0 chain mail
Jewellery
 k - a ring of positive energy
 n - a ring of protection from fire
 r - a ring of flight
 F - a +6 ring of intelligence
 G - an amulet of faith (around neck)
 J - a ring of see invisible (left hand)
 M - a +6 ring of dexterity
Wands
 z - a wand of digging (6)
 L - a wand of charming (4)
 O - a wand of mindburst (4)
Scrolls
 l - 3 scrolls of magic mapping
 s - 5 scrolls of teleportation
 P - a scroll of fog
 Q - 3 scrolls of fear
Potions
 e - 5 potions of curing
 j - 2 potions of heal wounds
 m - 2 potions of ambrosia
 o - 3 potions of lignification
 q - 3 potions of haste
 u - a potion of cancellation
 w - a potion of magic
 x - a potion of resistance
 H - a potion of brilliance
 N - a potion of attraction
Miscellaneous
 I - a piece from Xom's chessboard (15/15)
 K - a condenser vane


   Skills:
 - Level 11.2 Fighting
 - Level 13.7 Polearms
 - Level 11.2 Armour
 - Level 3.6 Shields
 - Level 11.3 Invocations
 + Level 9.9 Evocations


You had 12 spell levels left.
You didn't know any spells.
Your spell library contained the following spells:

 Spells                   Type           Power      Damage    Failure   Level
 Animate Skeleton         Necr           0%         N/A       100%        1
 Apportation              Tloc           0%         N/A       100%        1
 Foxfire                  Conj/Fire      0%         2x1d4     100%        1
 Summon Small Mammal      Summ           0%         N/A       100%        1
 Conjure Flame            Conj/Fire      0%         6-21      100%        3
 Dazzling Flash           Conj/Hex       0%         N/A       100%        3
 Inner Flame              Hex/Fire       0%         N/A       100%        3
 Stone Arrow              Conj/Erth      0%         3d7       100%        3
 Animate Armour           Summ/Erth      0%         N/A       100%        4
 Flame Wave               Conj/Fire      0%         2d4       100%        4
 Iskenderun's Mystic Bla  Conj/Tloc      0%         2d3       100%        4
 Starburst                Conj/Fire      0%         6d3       100%        6
 Lehudib's Crystal Spear  Conj/Erth      0%         10d2      100%        8


Dungeon Overview and Level Annotations

Branches:
Dungeon (10/15)            Temple (1/1) D:4            Lair (4/6) D:10
 Shoals (0/4) Lair:4       Spider (0/4) Lair:3          Orc (0/2) D:10
  Sewer (visited)

Altars:
Ashenzari
Cheibriados
Dithmenos
Elyvilon
Fedhas
Gozag
Hepliaklqana
Kikubaaqudgha
Makhleb
Nemelex Xobeh
Okawaru
Qazlal
Ru
Sif Muna
Trog
Uskayaw
Vehumet
Wu Jian
Xom
Yredelemnul
Zin
The Shining One
Beogh

Shops:
D:9 (   D:10 =

Annotations:
Lair:1 exclusion: orange crystal statue
Lair:4 Josephine


Innate Abilities, Weirdness & Mutations

Your life essence is reduced to manifest your ancestor. (-10% HP)
You have a pair of horns on your head.
You reflexively headbutt those who attack you in melee.


Message History

You are too injured to fight recklessly!
You are too injured to fight recklessly!
You are too injured to fight recklessly!
You are too injured to fight recklessly!
You barely miss the death yak.
The death yak is almost dead.
The death yak barely misses you. x2
You hit the death yak. You freeze the death yak.
The death yak is almost dead.
You block the death yak's attack.
You puncture the death yak! You freeze the death yak.
You kill the death yak!
The death yak gores you!
You hit the death yak. You freeze the death yak.
You headbutt the death yak, but do no damage.
The death yak is lightly wounded.
The death yak gores you!
You puncture the death yak! You freeze the death yak.
You headbutt the death yak!
The death yak is moderately wounded.
The death yak gores you but does no damage.
You hit the death yak. You freeze the death yak.
The death yak is heavily wounded.
The death yak gores you but does no damage.
You hit the death yak. You freeze the death yak.
You headbutt the death yak, but do no damage.
The death yak is heavily wounded.
You hit the death yak but do no damage.
The death yak is heavily wounded.
The death yak gores you!!
* * * LOW HITPOINT WARNING * * *
You puncture the death yak! You freeze the death yak.
You headbutt the death yak!
The death yak is almost dead.
The death yak gores you but does no damage.
You puncture the death yak! You freeze the death yak.
You headbutt the death yak, but do no damage.
The death yak is almost dead.
The death yak gores you!!
You die...

##....###...#.##
##......#.....#.##
##................##
#..................#
....................##
<...................#
....................#
............†Y......#
.P...........†@.†...##
..P.........#........#
..#.......##......##
##..##.P..#.....# #..
...........# ..
.........####
..###.##÷÷#.# ##
#...## #...#


You could see a death yak.

Vanquished Creatures
  Snorg (Lair:3)
  Harold (D:10)
  A hydra (Lair:1)
  A catoblepas (Lair:4)
  A two-headed ogre (D:10)
  8 death yaks
  Sonja (Lair:4)
  A centaur zombie (D:10)
  A black mamba (Lair:2)
  A merfolk siren (Lair:4)
  7 elephants
  A torpor snail (Lair:2)
  6 cane toads
  3 rime drakes
  3 komodo dragons
  A troll (D:10)
  3 merfolk (Lair:4)
  Prince Ribbit (D:7)
  Grinder (D:4)
  3 blink frogs (Lair:2)
  A wraith (Lair:3)
  16 yaks
  2 basilisks (Lair:3)
  Pargi (Sewer)
  11 water moccasins
  An ice beast (D:4)
  2 orc warriors
  A black bear (Lair:2)
  A necrophage (D:7)
  An ogre (D:6)
  3 wolves (Lair:1)
  4 centaurs
  Blork the orc (D:4)
  3 bullfrogs
  A gnoll sergeant (D:8)
  A kobold brigand (D:9)
  A scorpion (D:5)
  A wyvern skeleton (D:7)
  A water moccasin skeleton (D:5)
  8 killer bees
  3 wights (D:10)
  2 howler monkeys (D:9)
  A lava snake (D:8)
  3 jellies
  3 hounds
  2 orc priests
  A bullfrog skeleton (D:4)
  A centaur skeleton (D:5)
  2 iguanas
  6 orc wizards
  A gnoll (D:8)
  9 adders
  2 shadow imps
  A white imp (D:6)
  An ufetubus (D:5)
  An adder skeleton (D:4)
  3 worms
  A dart slug (D:2)
  18 orcs
  5 ball pythons
  11 bats
  4 endoplasms
  3 giant cockroaches
  4 goblins
  7 hobgoblins
  7 quokkas
  2 frilled lizards
  6 kobolds
  3 rats
220 creatures vanquished.

Vanquished Creatures (collateral kills)
  The ghost of Duder the Fighter, a novice MiBe of Trog (D:9)
  2 death yaks (Lair:3)
  Maurice (D:10)
  A black mamba (Lair:3)
  4 elephants
  A komodo dragon (Lair:2)
  Psyche (D:8)
  A rime drake (Lair:4)
  A burning bush (Lair:3)
  2 hornets
  A polar bear (Lair:4)
  2 blink frogs (Lair:2)
  A meliai zombie (D:10)
  A basilisk (Lair:3)
  4 yaks
  3 water moccasins
  2 orc warriors
  An ice beast (D:8)
  2 wolves (Lair:1)
  A kobold brigand (D:8)
  A bullfrog (Lair:3)
  A wyvern zombie (D:8)
  A killer bee (D:10)
  A howler monkey (D:8)
  A centaur zombie (D:7)
  3 orc priests
  2 orc wizards
  3 gnolls (D:8)
  6 orcs
  3 kobolds (D:9)
55 creatures vanquished.

Vanquished Creatures (others)
  9 battlemagi
  An ancestor (D:6)
  54 fungi
  75 plants
139 creatures vanquished.

Grand Total: 414 creatures vanquished

Notes
Turn   | Place    | Note
-------+----------+-------------------------------------------
     0 | D:1      | dolemite99 the Minotaur Fighter began the quest for the
                  | Orb.
     0 | D:1      | Reached XP level 1. HP: 19/19 MP: 0/0
    20 | D:1      | Found a faded altar of an unknown god.
    59 | D:1      | Prayed at the altar of an unknown god.
    59 | D:1      | Became a worshipper of Elyvilon the Healer
    59 | D:1      | Reached * piety under Elyvilon
   188 | D:1      | Reached skill level 3 in Polearms
   314 | D:1      | Reached XP level 2. HP: 26/26 MP: 1/1
   626 | D:1      | Reached ** piety under Elyvilon
   830 | D:1      | Reached skill level 4 in Polearms
  1525 | D:2      | Reached XP level 3. HP: 31/31 MP: 2/2
  2387 | D:3      | Found a shimmering blue altar of Sif Muna.
  2394 | D:3      | Found a shimmering altar of Xom.
  2478 | D:3      | Reached skill level 5 in Polearms
  2479 | D:3      | Reached *** piety under Elyvilon
  2671 | D:4      | Found a glowing drain.
  2721 | D:4      | Reached XP level 4. HP: 32/39 MP: 3/3
  2837 | Sewer    | Entered a sewer
  2878 | Sewer    | Noticed Pargi
  2897 | Sewer    | Killed Pargi
  2898 | Sewer    | Reached skill level 6 in Polearms
  2898 | Sewer    | Reached XP level 5. HP: 25/45 MP: 4/4
  3088 | D:4      | Noticed Blork the orc
  3088 | D:4      | Noticed Grinder
  3097 | D:4      | Killed Blork the orc
  3098 | D:4      | Reached skill level 7 in Polearms
  3104 | D:4      | Paralysed by Grinder for 2 turns
  3113 | D:4      | Killed Grinder
  3114 | D:4      | Reached skill level 8 in Polearms
  3114 | D:4      | Reached XP level 6. HP: 22/51 MP: 2/5
  3383 | D:4      | Reached skill level 9 in Polearms
  3386 | D:4      | Reached XP level 7. HP: 29/57 MP: 6/6
  3577 | D:4      | Reached skill level 10 in Polearms
  3850 | D:4      | Found a staircase to the Ecumenical Temple.
  3863 | Temple   | Entered the Ecumenical Temple
  4176 | Temple   | Fell from the grace of Elyvilon
  4176 | Temple   | Became a worshipper of Hepliaklqana the Forgotten
  4667 | D:5      | Entered Level 5 of the Dungeon
  4708 | D:5      | Reached skill level 11 in Polearms
  4818 | D:5      | Reached XP level 8. HP: 54/64 MP: 7/7
  5326 | D:5      | Reached skill level 12 in Polearms
  5767 | D:6      | Reached * piety under Hepliaklqana
  6533 | D:6      | Reached skill level 13 in Polearms
  7244 | D:7      | Noticed Prince Ribbit
  7275 | D:7      | Killed Prince Ribbit
  7276 | D:7      | Reached XP level 9. HP: 10/63 MP: 8/8
  7757 | D:7      | Reached ** piety under Hepliaklqana
  7760 | D:7      | Remembered your ancestor Nindada as a battlemage
  8075 | D:8      | Reached skill level 5 in Fighting
  8075 | D:8      | Reached skill level 5 in Armour
  8355 | D:8      | Noticed Psyche
  8364 | D:8      | Killed Psyche
  8395 | D:8      | Found a burning altar of Makhleb.
  8395 | D:8      | Found a shadowy altar of Dithmenos.
  9360 | D:9      | Found Xiwapp's Antique Weapon Emporium.
  9368 | D:9      | Bought a twisted trident for 221 gold pieces
  9368 | D:9      | Identified the +9 trident of the Screaming Shrike {freeze,
                  | rPois rF+ rN++ Dex-3} (You bought it in a shop on level 9
                  | of the Dungeon)
  9562 | D:9      | Reached *** piety under Hepliaklqana
  9759 | D:9      | Found a runed translucent door.
  9861 | D:9      | Noticed Duder's ghost (novice MiBe)
  9877 | D:9      | Killed Duder's ghost
  9878 | D:9      | Reached XP level 10. HP: 72/81 MP: 9/9
  9945 | D:10     | Entered Level 10 of the Dungeon
  9990 | D:10     | Found Pepifaq's Jewellery Shoppe.
  9995 | D:10     | Bought a ring of see invisible for 165 gold pieces
 10076 | D:10     | Found a flagged portal.
 10243 | D:10     | Found a staircase to the Orcish Mines.
 10309 | D:10     | Noticed Harold
 10312 | D:10     | Noticed a two-headed ogre
 10330 | D:10     | Killed a two-headed ogre
 10331 | D:10     | Reached skill level 10 in Fighting
 10331 | D:10     | Reached skill level 10 in Armour
 10333 | D:10     | Killed Harold
 10789 | D:10     | Found a staircase to the Lair.
 10862 | D:10     | Reached skill level 1 in Invocations
 11007 | D:10     | Noticed Maurice
 11014 | D:10     | Killed Maurice
 11169 | Lair:1   | Entered Level 1 of the Lair of Beasts
 11169 | Lair:1   | Noticed a five-headed hydra
 11169 | Lair:1   | Reached **** piety under Hepliaklqana
 11175 | Lair:1   | Killed a five-headed hydra
 11176 | Lair:1   | Reached XP level 11. HP: 91/91 MP: 10/12
 11281 | Lair:1   | Reached skill level 5 in Invocations
 11560 | Lair:1   | Noticed an orange crystal statue
 12646 | Lair:2   | Reached ***** piety under Hepliaklqana
 13400 | Lair:3   | Reached skill level 10 in Invocations
 13566 | Lair:3   | Reached XP level 12. HP: 99/99 MP: 18/18
 13988 | Lair:3   | Reached skill level 1 in Evocations
 13997 | Lair:3   | Found a hole to the Spider Nest.
 14394 | Lair:3   | Noticed a death yak
 14395 | Lair:3   | Noticed a death yak
 14397 | Lair:3   | Noticed a death yak
 14398 | Lair:3   | Noticed Snorg
 14398 | Lair:3   | Noticed a death yak
 14403 | Lair:3   | Killed a death yak
 14409 | Lair:3   | Killed a death yak
 14410 | Lair:3   | Killed a death yak
 14418 | Lair:3   | Reached skill level 5 in Evocations
 14430 | Lair:3   | Killed a death yak
 14430 | Lair:3   | Killed Snorg
 15510 | Lair:4   | Noticed a death yak
 15511 | Lair:4   | Noticed a death yak
 15512 | Lair:4   | Noticed a death yak
 15516 | Lair:4   | Noticed a death yak
 15524 | Lair:4   | Noticed a death yak
 15526 | Lair:4   | Killed a death yak
 15526 | Lair:4   | Noticed a death yak
 15528 | Lair:4   | Noticed a death yak
 15537 | Lair:4   | Killed a death yak
 15550 | Lair:4   | Killed a death yak
 16012 | Lair:3   | Killed a death yak
 16049 | Lair:4   | Noticed Sonja
 16053 | Lair:4   | Killed Sonja
 16155 | Lair:4   | Found a staircase to the Shoals.
 16169 | Lair:4   | Reached XP level 13. HP: 76/104 MP: 20/20
 16538 | Lair:4   | Noticed Josephine
 17013 | Lair:4   | Slain by a death yak

Illustrated notes

Levels and vault maps discovered:
D:1:      noname_arrival_rooms_in_the_neighbourhood, layout_basic,
          serial_forest, infiniplex_forest_clump_long,
          infiniplex_forest_clump_curved, infiniplex_forest_lined_4_way,
          infiniplex_forest_3_way, infiniplex_forest_straight_3,
          infiniplex_forest_clump_long, infiniplex_forest_lined_room_2,
          infiniplex_forest_end_2, basic_ecumenical_altar,
          kennysheep_nondescript
D:2:      layout_loops_ring
D:3:      layout_basic, mainiacjoe_overflow_large_starburst,
          nrook_mini_backslash
D:4:      layout_rooms, minmay_temple_entry_mist, gup_sewer_entry_glass,
          minivault_1, uniq_grinder, uniq_blork_the_orc
D:5:      layout_basic
D:6:      layout_rooms
D:7:      layout_basic, uniq_prince_ribbit1
D:8:      layout_loops_cross, gammafunk_temple_overflow_pools,
          amcnicky_mini_pool_medium, uniq_psyche
D:9:      layout_roguey, serial_shops,
          nicolae_shop_temple_entry_statues_fountains,
          ebering_ghost_reflecting_pool
D:10:     layout_loops_ring, lair_entry_dummy, minmay_orc_entry_temple_small,
          enter_bailey_8, serial_shops, nicolae_shop_stone, uniq_maurice,
          uniq_harold
Temple:   dpeg_five_rooms_temple
Lair:1:   layout_cave_pods, disabler_island
Lair:2:   layout_loops_ring
Lair:3:   minmay_lair_venomous_thicket, layout_chaotic_city,
          spider_nest_entry_webs, minivault_24, evilmike_ambush
          [evilmike_ambush_outer_basic, evilmike_ambush_inner_pond],
          lemuel_fruit_tree, uniq_snorg
Lair:4:   layout_gridlike, elwin_shoals_entry_stream, beast_lair_carwin_5,
          infiniplex_staircase_pool, uniq_sonja, uniq_josephine

Skill      XL: |  1  2  3  4  5  6  7  8  9 10 11 12 13 |
---------------+----------------------------------------+-----
Polearms       | 3 4 5 6 8 9 11 13 | 13.7
Fighting       | 4 8 11 | 11.2
Armour         | 4 8 10 11 | 11.2
Invocations    | 3 10 11 | 11.3
Evocations     | 8 9 |  9.9
Shields        | |  3.6

Action                   |  1- 3 |  4- 6 |  7- 9 | 10-12 | 13-15 || total
-------------------------+-------+-------+-------+-------+-------++-------
Melee: Trident           |   114 |    69 |   224 |   312 |    70 ||   789
       Headbutt          |    14 |     8 |    33 |    46 |    21 ||   122
Throw: Stone             |    26 |     6 |    25 |     4 |       ||    61
       Dart              |     4 |       |       |     1 |       ||     5
Invok: Heal Self         |       |     1 |       |       |       ||     1
       Recall Ancestor   |       |       |     1 |       |       ||     1
       Ancestor Life: Ba |       |       |     1 |       |       ||     1
       Idealise          |       |       |       |     1 |       ||     1
Evoke: Wand              |       |       |     1 |    13 |       ||    14
       Piece from Xom's  |       |       |       |     3 |       ||     3
       Condenser vane    |       |       |       |     1 |       ||     1
  Use: Potion            |       |     2 |       |     4 |       ||     6
       Scroll            |       |     1 |    15 |     8 |       ||    24
 Stab: Distracted        |       |       |       |     4 |       ||     4
Armor: Scale mail        |    22 |       |       |       |       ||    22
       Chain mail        |    16 |    44 |       |       |       ||    60
       Plate armour      |       |    12 |    79 |    98 |    34 ||   223
Dodge: Dodged            |    41 |    37 |    24 |    42 |    12 ||   156
Block: Buckler           |    18 |    23 |     7 |       |       ||    48
       Kite shield       |       |       |    59 |    85 |    18 ||   162
